 Dungeon Crawl Stone Soup version 0.31-a0-543-geaa9c7a2c0 (webtiles) character file.

Game seed: 5052755119578528193

1422 GordonOverkill the Sneak (level 8, -6/35 (40) HPs)
             Began as a Vine Stalker Delver on Aug 15, 2023.
             Mangled by a wight
             ... wielding a +0 long sword
              (9 damage)
             ... on level 5 of the Dungeon.
             The game lasted 00:11:02 (5795 turns).

GordonOverkill the Sneak (Vine Stalker Delver)      Turns: 5795, Time: 00:11:03

HP:   -6/35 (40)    AC: 10    Str: 14    XL:     8   Next: 72%
MP:   0/17          EV:  7    Int: 12    God:
Gold: 284           SH:  0    Dex: 17    Spells: 17/17 levels left

rFire   + . .        d - +0 dagger (venom)
rCold   + . .        (no shield)
rNeg    . . .        k - +0 chain mail
rPois   +            e - +0 helmet
rElec   .            l - scarf {rC+ rF+}
rCorr   .            (no gloves)
SInv    .            r - +0 pair of boots
Will    +....        (no amulet)
Stlth   +            v - ring of poison resistance
HPRegen 1.05/turn    (no ring)
MPRegen 0.15/turn

%: guardian spirit
@: heavily drained
A: fangs 3, regeneration 1, magic shield, antimagic bite, no potion heal 2
a: no special abilities


You were on level 5 of the Dungeon.
You visited 1 branch of the dungeon, and saw 6 of its levels.

You collected 284 gold pieces.

Inventory:

Hand Weapons
 a - a +0 mace
 d - a +0 dagger of venom (weapon)
 h - a +0 glaive
Missiles
 x - 2 boomerangs (quivered)
Armour
 b - a +0 leather armour
 e - a +0 helmet (worn)
 k - a +0 chain mail (worn)
 l - a scarf of resistance (worn)
 r - a +0 pair of boots (worn)
Jewellery
 f - a ring of ice
 v - a ring of poison resistance (left hand)
 y - a ring of wizardry
Wands
 g - a wand of digging (2)
 q - a wand of flame (3)
Scrolls
 c - a scroll of fog
 m - a scroll of blinking
 n - a scroll of fear
 p - a scroll of silence
 s - 3 scrolls of identify
 t - 2 scrolls of amnesia {unknown}
 u - a scroll of immolation {unknown}
Potions
 i - a potion of enlightenment {unknown}
 j - a potion of resistance
 o - a potion of ambrosia
 w - a potion of brilliance
 z - a potion of cancellation {unknown}
 A - 2 potions of mutation {unknown}
 B - a potion of curing


   Skills:
 - Level 3.0 Fighting
 - Level 4.0 Short Blades
 - Level 1.7 Maces & Flails
 - Level 0.1 Polearms
 - Level 1.5 Dodging
 - Level 6.0 Stealth
 + Level 5.4 Spellcasting
 - Level 5.0 Conjurations
 - Level 5.0 Transmutations


You had 17 spell levels left.
You didn't know any spells.
Your spell library contained the following spells:

 Spells                   Type           Power      Damage    Failure   Level
 Magic Dart               Conj           60%        1d6       43%         1
 Blink                    Tloc           6%         N/A       99%         2
 Cigotuvi's Dreadful Rot  Necr/Pois/Air  6%         N/A       99%         2
 Ensorcelled Hibernation  Hex/Ice        6%         N/A       99%         2
 Hailstorm                Conj/Ice       9%         3d4       99%         3
 Ignite Poison            Fire/Tmut/Pois 7%         N/A       99%         3
 Anguish                  Hex/Necr       1%         N/A       100%        4
 Freezing Cloud           Conj/Ice/Air   3%         6-21      100%        5
 Irradiate                Conj/Tmut      7%         3d14      100%        5


Dungeon Overview and Level Annotations

Branches:
Dungeon (6/15)
 Temple: D:4-7

Altars:
Cheibriados
Dithmenos
Elyvilon
Fedhas
Nemelex Xobeh
Sif Muna
Uskayaw
Wu Jian

Annotations:
D:5 1 runed translucent door, Crazy Yiuf


Innate Abilities, Weirdness & Mutations

You have razor-sharp teeth.
Your natural rate of healing is unusually fast.
When hurt, damage is shared between your health and your magic reserves.
Your bite disrupts and absorbs the magic of your enemies.
Potions cannot restore your health.


Message History

* * * LOW HITPOINT WARNING * * *
Aiming: Throw Flame
Press: ? - help, Shift-Dir - straight line, f/p - wight
Aim: a wight, wielding a +0 long sword and wearing a +0 robe (severely damaged, 68% to hit)
The puff of flame misses the wight.
The wight hits you with a +0 long sword.
* * * LOW HITPOINT WARNING * * *
Aiming: Throw Flame
Press: ? - help, Shift-Dir - straight line, f/p - wight
Aim: a wight, wielding a +0 long sword and wearing a +0 robe (severely damaged, 68% to hit)
The puff of flame hits the wight.
The wight is almost destroyed.
The wight hits you with a +0 long sword!
* * * LOW HITPOINT WARNING * * *
You feel drained.
* * * LOW HITPOINT WARNING * * *
Aiming: Throw Flame
Press: ? - help, Shift-Dir - straight line, f/p - wight
Aim: a wight, wielding a +0 long sword and wearing a +0 robe (almost destroyed, 68% to hit)
The puff of flame hits the wight.
The wight is almost destroyed.
The wight closely misses you.
Aiming: Throw Flame
Press: ? - help, Shift-Dir - straight line, f/p - wight
Aim: a wight, wielding a +0 long sword and wearing a +0 robe (almost destroyed, 68% to hit)
The puff of flame misses the wight.
The wight hits you with a +0 long sword!
* * * LOW HITPOINT WARNING * * *
Aiming: Throw Flame
Press: ? - help, Shift-Dir - straight line, f/p - wight
Aim: a wight, wielding a +0 long sword and wearing a +0 robe (almost destroyed, 68% to hit)
The puff of flame hits the wight but does no damage.
The wight is almost destroyed.
The wight barely misses you.
Aiming: Throw Flame
Press: ? - help, Shift-Dir - straight line, f/p - wight
Aim: a wight, wielding a +0 long sword and wearing a +0 robe (almost destroyed, 68% to hit)
The puff of flame misses the wight.
The wight hits you with a +0 long sword!
You die...

##..................#
###...########.#######
####.......#### #.# #
#.............###.#######
#.##.....................
##.##........#.##........#
#######...#......###.#########.#
#...o.O.....#...## #.# #.#
#.#####.....###@# #.# #.. #.#
##.#..# #z# #.# #†# #.# #.#..#
#># #<#########..
#.######.#..###.####...........#
#....................########..#
##...###.##.####.###### #..#
<....# #.##.# #.# #.<#
##...###.##.# #.# #..#
#.......##.# #.# #..#


You could see a wight.

Vanquished Creatures
  Prince Ribbit (D:5)
  Menkaure (D:4)
  Edmund (D:4)
  A sky beast (D:4)
  A black bear (D:5)
  An ogre (D:5)
  Blork the orc (D:5)
  A scorpion (D:4)
  2 necrophages (D:6)
  A howler monkey (D:5)
  A centaur zombie (D:6)
  A hound (D:5)
  A jelly (D:5)
  An orc priest (D:5)
  3 iguanas (D:5)
  Robin (D:4)
  3 gnolls (D:4)
  12 adders
  A white imp (D:6)
  3 worms
  2 dart slugs
  11 orcs
  5 bats
  7 endoplasms
  3 giant cockroaches
  9 goblins
  10 hobgoblins
  4 jackals
  4 quokkas
  6 ball pythons
  5 frilled lizards (D:2)
  5 kobolds
  4 rats (D:3)
113 creatures vanquished.

Notes
Turn   | Place    | Note
-------+----------+-------------------------------------------
     0 | D:5      | GordonOverkill the Vine Stalker Delver began the quest for
                  | the Orb.
     0 | D:5      | Reached XP level 1. HP: 11/11 MP: 2/2
    23 | D:5      | Noticed an ogre
    34 | D:6      | Noticed a wight
    34 | D:6      | Noticed a wight
    34 | D:6      | Noticed a wight
    34 | D:6      | Noticed a wight
    34 | D:6      | Noticed a wight
    34 | D:6      | Noticed a black bear
    40 | D:6      | Noticed a centaur
    48 | D:6      | Noticed an ice beast
    55 | D:6      | Found a blossoming altar of Fedhas.
    59 | D:6      | Noticed a necrophage
    59 | D:6      | Noticed a necrophage
    61 | D:6      | Noticed a necrophage
    61 | D:6      | Noticed a hornet zombie
    70 | D:6      | Noticed a sleepcap
    77 | D:6      | Found a shimmering blue altar of Sif Muna.
   109 | D:4      | Noticed Edmund
   216 | D:3      | Reached skill level 1 in Short Blades
   216 | D:3      | Reached XP level 2. HP: 16/16 MP: 3/3
   324 | D:1      | Reached XP level 3. HP: 20/20 MP: 4/4
  1805 | D:2      | Gained mutation: Your natural rate of healing is unusually
                  | fast. [Vine Stalker growth]
  1805 | D:2      | Reached XP level 4. HP: 20/24 MP: 5/5
  1825 | D:2      | Got the Papyrus of Points and the Missiles
  2187 | D:3      | Found an ornate altar of the Wu Jian Council.
  2448 | D:3      | Found a white marble altar of Elyvilon.
  2693 | D:3      | Reached XP level 5. HP: 28/28 MP: 7/7
  2777 | D:3      | Reached skill level 1 in Spellcasting
  2781 | D:3      | Reached skill level 1 in Conjurations
  2781 | D:3      | Reached skill level 1 in Transmutations
  3059 | D:4      | Killed Edmund
  3060 | D:4      | Reached XP level 6. HP: 21/32 MP: 3/9
  3324 | D:4      | Noticed Robin
  3771 | D:4      | Killed Robin
  3956 | D:4      | Noticed a sky beast
  3974 | D:4      | Killed a sky beast
  3975 | D:4      | Reached XP level 7. HP: 34/36 MP: 8/12
  4021 | D:4      | Noticed Menkaure
  4024 | D:4      | Killed Menkaure
  4253 | D:5      | Noticed Prince Ribbit
  4258 | D:5      | Killed Prince Ribbit
  4408 | D:5      | HP: 1/36 [acid (5)]
  4409 | D:5      | Gained mutation: You have razor-sharp teeth. [Vine Stalker
                  | growth]
  4409 | D:5      | Reached XP level 8. HP: 3/40 MP: 0/14
  4760 | D:5      | Found a shadowy altar of Dithmenos.
  4813 | D:5      | Found a hide-covered altar of Uskayaw.
  4926 | D:5      | Found a runed translucent door.
  4927 | D:5      | Noticed Crazy Yiuf
  5236 | D:5      | Found a sparkling altar of Nemelex Xobeh.
  5448 | D:6      | Found a snail-covered altar of Cheibriados.
  5750 | D:6      | Noticed Blork the orc
  5764 | D:5      | Killed Blork the orc
  5765 | D:5      | Reached skill level 5 in Spellcasting
  5765 | D:5      | Reached skill level 5 in Conjurations
  5779 | D:5      | Reached skill level 5 in Transmutations
  5793 | D:5      | HP: 1/35 [wight/+0 long sword (7)]
  5795 | D:5      | Mangled by a wight

Illustrated notes

Levels and vault maps discovered:
D:1:      heliophobic_arrival_glass_houses, layout_basic,
          roderic_serpentine_path, nicolae_twisty_statue_hallways
D:2:      layout_basic, chequers_serial_rivers_micro_a
D:3:      minmay_skewed_foursquare, layout_basic,
          nicolae_overflow_crystal_walls, mainiacjoe_overflow_cross_hatched,
          nrook_mini_backslash, st_stairs_12
D:4:      layout_cave_pools, uniq_robin, uniq_menkaure, uniq_edmund
D:5:      layout_loops_ring, marbit_many_paths, lemuel_crystal_altar,
          general_overflow_altar, columned_hall_lemuel,
          hangedman_abyss_or_decor_stabs, uniq_crazy_yiuf_cottage,
          uniq_prince_ribbit1
D:6:      layout_rooms, fedhas_altar_decomposition, amcnicky_altar_gilded,
          overflow_temple_1_default, uniq_blork_the_orc

Skill      XL: |  1  2  3  4  5  6  7  8 |
---------------+-------------------------+-----
Fighting       | 3 |  3.0
Short Blades   | 1 3 4 |  4.0
Spellcasting   | 1 2 3 5 |  5.4
Conjurations   | 1 2 4 5 |  5.0
Transmutations | 1 2 3 5 |  5.0
Maces & Flails | |  1.7
Polearms       | |  0.1
Dodging        | |  1.5
Stealth        | |  6.0

Action                     |  1- 3 |  4- 6 |  7- 9 || total
---------------------------+-------+-------+-------++-------
  Melee: Glaive            |     5 |       |       ||     5
         Dagger            |    65 |   187 |   171 ||   423
         Mace              |     1 |       |       ||     1
         Bite              |    14 |    60 |    63 ||   137
         Punch             |     1 |       |     6 ||     7
  Throw: Boomerang         |       |       |     9 ||     9
  Evoke: Wand              |     1 |     5 |    16 ||    22
    Use: Potion            |     3 |     1 |       ||     4
         Scroll            |     1 |     9 |     2 ||    12
   Stab: Sleeping          |     7 |       |       ||     7
 Armour: Leather armour    |     5 |       |       ||     5
         Chain mail        |    32 |    87 |    77 ||   196
  Dodge: Dodged            |    27 |    62 |    56 ||   145

Table legend: (Time is in decaauts)
 A = Elapsed time spent in this place.
 B = Non-inter-level travel time spent in this place.
 C = Inter-level travel time spent in this place.
 D = Time resting spent in this place.
 E = Time spent auto-exploring this place.
 F = Levels seen in this place.
 G = Mean time per level.
                   A        B        C        D        E       F      G
               +--------+--------+--------+--------+--------+-----+--------+
         Total |   5697 |   5185 |    512 |    485 |   3357 |   6 |  949.5 |
       Dungeon |   5697 |   5185 |    512 |    485 |   3357 |   6 |  949.5 |
               +--------+--------+--------+--------+--------+-----+--------+

Top non-repeatable levels by time:
     D:3: 1381 daAuts
     D:5: 1190 daAuts
     D:1: 1034 daAuts
     D:2: 885 daAuts
     D:4: 874 daAuts
     D:6: 333 daAuts
